[Event "Team 45 45 League T46"]
[Site "Internet Chess Club"]
[Date "2010.08.29"]
[Round "4"]
[White "frank001"]
[Black "Lokath"]
[Result "0-1"]
[WhiteElo "1827"]
[BlackElo "1862"]
[Opening "KGA: Kieseritsky, Salvio (Rosenthal) defense"]
[ECO "C39"]
[Time "01:02:45"]
[TimeControl "2700+45"]

1. e4 e5 2. f4 exf4 3. Nf3 g5 4. h4 g4 5. Ne5 Qe7 6. d4 d6 7. Nxg4 Qxe4+ 8. Qe2
Qxe2+ 9. Bxe2 Nc6 10. c3 h5 11. Nf2 Bf5 12. O-O Be7 13. Bxf4 Bxh4 14. g3 Bf6 15.
Bc4 Nge7 16. b4 O-O-O 17. a4 d5 18. Bd3 Nxd4 19. Bxf5+ Ndxf5 20. Ra3 Rdg8 21.
Nd2 Nxg3 22. Bxg3 Rxg3+ {White resigns} 0-1

[Event "Team 45 45 League T46"]
[Site "Internet Chess Club"]
[Date "2010.08.30"]
[Round "4"]
[White "tigereye"]
[Black "jjmolina"]
[Result "1/2-1/2"]
[WhiteElo "1841"]
[BlackElo "1723"]
[Opening "QGD semi-Slav: Stoltz variation"]
[ECO "D45"]
[Time "14:16:03"]
[TimeControl "2700+45"]

1. d4 d5 2. c4 c6 3. Nc3 Nf6 4. Nf3 e6 5. e3 Nbd7 6. Qc2 Bd6 7. Bd3 O-O 8. O-O
dxc4 9. Bxc4 e5 10. Rd1 Qe7 11. dxe5 Nxe5 12. Nxe5 Qxe5 13. g3 Bg4 14. Be2 Rad8
15. Bd2 Qh5 16. Be1 Rfe8 17. Rd4 Be5 18. Rxd8 Rxd8 19. Bxg4 Nxg4 20. h4 h6 21.
Rd1 Rxd1 22. Qxd1 Nf6 23. Qxh5 Nxh5 24. Kg2 Nf6 25. f4 Bc7 26. Kf3 h5 27. Ne4
Nxe4 28. Kxe4 f6 29. Bc3 Kf7 30. Bd4 a6 31. a4 Ba5 32. f5 Be1 33. Kf4 Bb4 34. e4
Bd2+ 35. Be3 Bb4 36. e5 fxe5+ 37. Kxe5 b5 38. axb5 cxb5 39. Bg5 Be1 40. Kf4 a5
41. g4 hxg4 42. Kxg4 a4 43. Be3 b4 44. Bd4 b3 45. Bc5 Bf2 46. Ba3 Kf6 47. h5 Be3
48. Bb4 Bc1 49. Ba3 Bd2 50. Bc5 Ke5 51. Bf8 Bh6 52. Be7 Ke4 53. Ba3 Bc1 54. h6
Bxh6 55. Bf8 Kd3 56. Kh5 g6+ 57. Kxh6 gxf5 58. Kg5 Ke4 59. Bd6 Kd5 60. Bb4 Ke4
61. Bd6 Kd5 62. Ba3 Ke4 63. Kh4 f4 64. Kg4 f3 65. Kg3 Ke3 66. Bc5+ Ke2 67. Bd4
Kd3 68. Bf6 {Game drawn by mutual agreement} 1/2-1/2

[Event "Team 45 45 League T46"]
[Site "Internet Chess Club"]
[Date "2010.08.29"]
[Round "4"]
[White "johnnyperez"]
[Black "Deebs"]
[Result "0-1"]
[WhiteElo "1648"]
[BlackElo "1772"]
[Opening "Sicilian: Grand Prix attack"]
[ECO "B21"]
[Time "09:00:29"]
[TimeControl "2700+45"]

1. e4 c5 2. f4 d5 3. Nc3 dxe4 4. Nxe4 e6 5. Nf3 Nc6 6. c3 Nf6 7. Qa4 Bd7 8. Bb5
a6 9. Nxf6+ gxf6 10. Be2 b5 11. Qe4 f5 12. Qe3 Qc7 13. d4 cxd4 14. cxd4 Bb4+ 15.
Bd2 Bxd2+ 16. Qxd2 Qd6 17. a3 Rc8 18. Rd1 Qd5 19. Qe3 Rg8 20. Kf2 h6 21. Rc1 Ke7
22. Bd3 Kf8 23. Rhe1 Rg4 24. Rc5 Qd6 25. g3 Rg8 26. Rec1 Kg7 27. g4 fxg4 28. Rg1
f5 29. h3 h5 30. hxg4 hxg4 31. Ne5 Nxe5 32. fxe5 Qe7 33. Rh1 Rh8 34. Rxh8 Rxh8
35. Qg3 Rh3 {White resigns} 0-1

[Event "Team 45 45 League T46"]
[Site "Internet Chess Club"]
[Date "2010.08.27"]
[Round "4"]
[White "RayF"]
[Black "nityanand"]
[Result "1-0"]
[WhiteElo "1796"]
[BlackElo "1676"]
[Opening "QGD: Tarrasch defense"]
[ECO "D32"]
[Time "22:00:42"]
[TimeControl "2700+45"]

1. d4 d5 2. c4 e6 3. Nc3 c5 4. cxd5 exd5 5. Nf3 Nc6 6. Bf4 Nf6 7. e3 a6 8. Be2
Be7 9. dxc5 Bxc5 10. O-O O-O 11. Qb3 Na5 12. Qc2 Bd6 13. Bg5 Be7 14. Rfd1 Be6
15. Rac1 h6 16. Bh4 Rc8 17. Nd4 Ne4 18. Bxe7 Qxe7 19. Qd3 Nc5 20. Qd2 Nc4 21.
Nxd5 Bxd5 22. Nf5 Qe4 23. Qxd5 Nxb2 24. Rxc5 Qxd5 25. Rdxd5 Rxc5 26. Rxc5 Na4
27. Rc7 Rb8 28. Bc4 b5 29. Bxf7+ Kf8 30. Bg6 Rd8 31. Rf7+ Kg8 32. Rxg7+ Kf8 33.
Rf7+ {Black resigns} 1-0

[Event "Team 45 45 League T46"]
[Site "Internet Chess Club"]
[Date "2010.08.27"]
[Round "4"]
[White "AronT"]
[Black "leland"]
[Result "1/2-1/2"]
[WhiteElo "2055"]
[BlackElo "1832"]
[Opening "Dutch: Leningrad, main variation with c6"]
[ECO "A88"]
[Time "22:00:21"]
[TimeControl "2700+45"]

1. d4 f5 2. g3 g6 3. Bg2 Bg7 4. Nf3 Nf6 5. O-O O-O 6. c4 d6 7. Nc3 c6 8. d5 c5
9. Qc2 Na6 10. Rd1 Bd7 11. Ng5 Nc7 12. Ne6 Nxe6 13. dxe6 Bxe6 14. Bxb7 Rb8 15.
Bd5 Nxd5 16. cxd5 Bd7 17. Rb1 Qa5 18. Bd2 Qa6 19. Bg5 Rf7 20. b3 Qa5 21. Bd2 Qa6
22. Re1 Bf6 23. Nd1 Bb5 24. Bc3 Qb7 25. Bxf6 Rxf6 26. Qd2 Qc8 27. Qa5 Qa6 28.
Qd2 Qc8 29. e3 Qa6 30. Nc3 Qa5 31. Red1 Rff8 32. Rbc1 Qb4 33. Nxb5 Qxd2 34. Rxd2
Rxb5 35. Rc4 Rfb8 36. Ra4 R8b7 37. Rc2 Rb4 38. Ra6 R4b6 39. Ra3 Rb4 40. Kf1 Kf7
41. Ra6 R4b6 42. Ra4 Rb4 43. Rc4 Rxa4 44. Rxa4 Kf6 45. f4 e6 46. Ra6 Ke7 47.
dxe6 Kxe6 48. Ke2 Kd5 49. Kd3 Re7 50. Ra4 Kc6 51. b4 Kb5 52. Ra3 cxb4 53. Rb3
Re4 54. g4 Rc4 55. gxf5 gxf5 56. Kd2 a5 57. Rb1 Rc7 58. Rg1 Ka4 59. Rg5 Rf7 60.
Kc2 d5 61. Rg8 Ka3 62. Kb1 Ka4 63. Rd8 b3 64. Rxd5 bxa2+ {Game drawn by mutual
agreement} 1/2-1/2

[Event "Team 45 45 League T46"]
[Site "Internet Chess Club"]
[Date "2010.08.29"]
[Round "4"]
[White "ice-cream"]
[Black "ChessyNessy"]
[Result "0-1"]
[WhiteElo "1664"]
[BlackElo "1866"]
[Opening "Two knights defense (Modern bishop's opening)"]
[ECO "C55"]
[Time "11:19:25"]
[TimeControl "2700+45"]

1. e4 e5 2. Nf3 Nc6 3. Bc4 Nf6 4. d3 Be7 5. c3 O-O 6. O-O d5 7. exd5 Nxd5 8. Re1
Bg4 9. Nbd2 Nb6 10. Bb3 Qxd3 11. Bc2 Bxf3 12. Nxf3 Qxd1 13. Bxd1 Rad8 14. Bb3
Bf6 15. Be3 h6 16. Re2 Nd5 17. Bc5 Rfe8 18. Ba4 Nf4 19. Re4 Nd3 20. Ba3 Be7 21.
Bxc6 bxc6 22. Bxe7 Rxe7 23. b4 f5 24. Re3 f4 25. Re4 Kf7 26. Re2 e4 27. Nd4 Nxb4
28. Nf5 Re5 29. cxb4 Rxf5 30. Rxe4 g5 31. Re2 Rd4 32. a3 a5 33. bxa5 Rxa5 34. f3
Kf6 35. Rc1 c5 36. Rec2 Rd5 37. Rc3 Ke6 38. Kf1 Kd6 39. Ke2 Rb5 40. R3c2 Rb3 41.
Rc3 Rb2+ 42. R3c2 Rb5 43. Rc3 Rd4 44. R3c2 Ra5 45. Rc3 Kd5 46. R1c2 c4 47. Rc1
Ra6 48. Ke1 c5 49. R1c2 Rb6 50. Kf2 Rb3 51. Ke1 Rxc3 52. Rxc3 Rd3 53. Rc2 Rxa3
54. Ke2 Kd4 55. g3 Re3+ 56. Kf2 Kd3 57. gxf4 gxf4 58. Rc1 Re2+ 59. Kg1 c3 60. h3
Kd2 61. Ra1 c2 62. Ra2 Kd1 63. Rxc2 Kxc2 64. Kh1 Kd2 65. h4 Ke3 66. h5 Kxf3 67.
Kg1 Kg4 68. Kf1 f3 69. Kg1 Kxh5 70. Kf1 c4 71. Kg1 c3 72. Kh1 c2 73. Kg1 {White
resigns} 0-1

[Event "Team 45 45 League T46"]
[Site "Internet Chess Club"]
[Date "2010.08.28"]
[Round "4"]
[White "Diperblu"]
[Black "rainden"]
[Result "1-0"]
[WhiteElo "1669"]
[BlackElo "1557"]
[Opening "Sicilian: Grand Prix attack"]
[ECO "B23"]
[Time "10:11:03"]
[TimeControl "2700+45"]

1. e4 c5 2. Nc3 Nc6 3. f4 d6 4. Nf3 Nf6 5. Bb5 Bd7 6. d3 Nd4 7. Bxd7+ Qxd7 8.
Nxd4 cxd4 9. Ne2 e5 10. O-O Be7 11. fxe5 dxe5 12. Ng3 Rc8 13. Nf5 O-O 14. Nxe7+
Qxe7 15. Bg5 Qe6 16. Bxf6 gxf6 17. Rc1 Kh8 18. Qf3 Rg8 19. Qxf6+ Qxf6 20. Rxf6
Kg7 21. Rf2 Rc6 22. Kf1 Re8 23. Ke2 Kg6 24. Kd2 Rf8 25. Rcf1 Kg7 26. c4 dxc3+
27. bxc3 b5 28. Rb1 a6 29. Rff1 Rg6 30. g3 Rh6 31. Rf2 Rc6 32. Rb2 Kg6 33. d4
exd4 34. cxd4 f5 35. Rc2 Re6 36. exf5+ Rxf5 37. Kd3 Re1 38. Rc6+ Kg5 39. Rxf5+
Kxf5 40. Rc5+ Kg4 41. Re5 Rd1+ 42. Ke4 Rd2 43. d5 a5 44. d6 Rxd6 45. Rxb5 a4 46.
Ke5 Rh6 47. Rb4+ Kh3 48. Rxa4 Kxh2 49. Rh4+ Rxh4 50. gxh4 Kh3 51. h5 Kh4 52. h6
Kh5 53. a4 Kxh6 54. a5 Kg5 55. a6 h5 56. a7 h4 57. a8=Q h3 58. Qh1 Kg4 59. Ke4
Kg3 60. Ke3 h2 61. Ke2 Kh3 62. Kf2 Kh4 63. Qxh2+ Kg4 64. Qg3+ Kf5 65. Ke3 Ke6
66. Qg5 Kd6 67. Kd4 Ke6 68. Qe5+ Kd7 69. Qf6 Kc7 70. Kc5 Kd7 71. Qd6+ Ke8 72.
Qc7 Kf8 73. Kd6 Ke8 74. Qe7# {Black checkmated} 1-0

[Event "Team 45 45 League T46"]
[Site "Internet Chess Club"]
[Date "2010.08.28"]
[Round "4"]
[White "jt2000"]
[Black "Bacon1290"]
[Result "1-0"]
[WhiteElo "1690"]
[BlackElo "1667"]
[Opening "Sicilian: Sozin, not Scheveningen"]
[ECO "B57"]
[Time "16:03:39"]
[TimeControl "2700+45"]

1. e4 c5 2. Nf3 d6 3. Bc4 Nc6 4. d4 cxd4 5. Nxd4 Nf6 6. Nc3 Na5 7. Bd3 e5 8. Nb3
Nxb3 9. axb3 Be6 10. Bg5 h6 11. Bh4 Be7 12. O-O d5 13. Bb5+ Bd7 14. Bxf6 Bxb5
15. Bxe7 Qxe7 16. Nxb5 d4 17. Rxa7 Rxa7 18. Nxa7 O-O 19. Nb5 Qc5 20. Qd3 Rc8 21.
c3 f5 22. exf5 e4 23. Qc4+ Qxc4 24. bxc4 d3 25. Nd6 Rc6 26. Nxe4 Rxc4 27. f3 b5
28. Rd1 b4 29. Rxd3 bxc3 30. Rxc3 Rb4 31. b3 Kf7 32. Kf2 Rb5 33. Nd6+ {Black
resigns} 1-0

[Event "Team 45 45 League T46"]
[Site "Internet Chess Club"]
[Date "2010.08.28"]
[Round "4"]
[White "smitty120"]
[Black "wavery"]
[Result "1-0"]
[WhiteElo "1837"]
[BlackElo "1733"]
[Opening "Caro-Kann: Gurgenidze system"]
[ECO "B15"]
[Time "10:04:36"]
[TimeControl "2700+45"]

1. e4 c6 2. d4 d5 3. Nc3 g6 4. Nf3 Bg7 5. Be3 Bg4 6. h3 Bxf3 7. Qxf3 e6 8. Be2
Ne7 9. g4 Nd7 10. O-O-O a6 11. h4 Qa5 12. h5 O-O-O 13. Qxf7 Bf8 14. Bg5 dxe4 15.
Bxe7 Bxe7 16. Qxe7 Rde8 17. Qh4 gxh5 18. Qxh5 Nf6 19. Qxa5 {Black resigns} 1-0

[Event "Team 45 45 League T46"]
[Site "Internet Chess Club"]
[Date "2010.08.27"]
[Round "4"]
[White "froggoathorse"]
[Black "tenor"]
[Result "0-1"]
[WhiteElo "1785"]
[BlackElo "1784"]
[Opening "Ruy Lopez: closed, Breyer defense"]
[ECO "C94"]
[Time "18:57:32"]
[TimeControl "2700+45"]

1. e4 e5 2. Nf3 Nc6 3. Bb5 a6 4. Ba4 Nf6 5. O-O b5 6. Bb3 Be7 7. c3 d6 8. Re1
O-O 9. h3 Nb8 10. a4 Bb7 11. Bc2 Nbd7 12. d4 c5 13. d5 Nb6 14. Na3 b4 15. Nb1 a5
16. b3 c4 17. Be3 cxb3 18. Bxb3 Rc8 19. cxb4 axb4 20. Nbd2 Ba6 21. Rc1 Rc3 22.
Nb1 Rc8 {White disconnected and forfeits} 0-1

[Event "Team 45 45 League T46"]
[Site "Internet Chess Club"]
[Date "2010.08.29"]
[Round "4"]
[White "LukeOZade"]
[Black "jps7"]
[Result "1/2-1/2"]
[WhiteElo "1744"]
[BlackElo "1715"]
[Opening "French: Winawer, advance, 5.a3"]
[ECO "C17"]
[Time "14:02:29"]
[TimeControl "2700+45"]

1. e4 e6 2. d4 d5 3. Nc3 Bb4 4. e5 c5 5. a3 cxd4 6. axb4 dxc3 7. bxc3 Qc7 8. Qd4
Nc6 9. Bb5 Ne7 10. Nf3 Bd7 11. Qe3 Ng6 12. Bxc6 bxc6 13. O-O O-O 14. Re1 Rfc8
15. Ra5 Qb6 16. Qg5 h6 17. Qg4 a6 18. Be3 Qc7 19. Bc5 Qd8 20. Bd6 Be8 21. Bc5
Rcb8 22. h4 Rb5 23. Rea1 Rxa5 24. Rxa5 Kh7 25. h5 Ne7 26. Qh4 f6 27. exf6 Nf5
28. Qh3 Qxf6 29. g4 Ne7 30. Bd4 Qf4 31. Be3 Qe4 32. g5 Nf5 33. g6+ Kh8 34. Nd4
Bd7 35. Nxf5 exf5 36. Qg3 Qg4 37. Kh2 Qxh5+ 38. Kg1 Qg4 39. Kh2 Qxg3+ 40. Kxg3
Be8 41. Rc5 Rc8 42. Ra5 Bxg6 43. Rxa6 Kg8 44. Ra7 Bf7 45. Kh4 g5+ 46. Bxg5 hxg5+
47. Kxg5 Be6 48. Kf6 Re8 49. Rc7 d4 50. cxd4 Bd5 51. f4 Rf8+ 52. Kg6 Be4 53.
Rg7+ Kh8 54. Rh7+ Kg8 55. Rg7+ {Game drawn by mutual agreement} 1/2-1/2

[Event "Team 45 45 League T46"]
[Site "Internet Chess Club"]
[Date "2010.08.28"]
[Round "4"]
[White "UnderRated"]
[Black "siddhu"]
[Result "0-1"]
[WhiteElo "1614"]
[BlackElo "1868"]
[Opening "Sicilian"]
[ECO "B50"]
[Time "16:00:54"]
[TimeControl "2700+45"]

1. e4 c5 2. Nf3 d6 3. Bd3 Nc6 4. c3 g6 5. Bc2 Bg7 6. d3 e6 7. Be3 Nge7 8. Nbd2
b6 9. O-O O-O 10. Re1 f5 11. exf5 Nxf5 12. Bg5 Qc7 13. Nf1 e5 14. Qd2 d5 15. Ne3
Be6 16. Nxf5 gxf5 17. Bh6 f4 18. Bxg7 Qxg7 19. Ba4 Bh3 20. g3 fxg3 21. fxg3 Rac8
22. Bxc6 Rxc6 23. Nxe5 Rcf6 24. d4 c4 25. Rad1 h5 26. Qc1 Rf2 27. Rd2 Qf6 28.
Rdd1 Rg2+ 29. Kh1 Rf2 30. Qb1 Bg2+ 31. Kg1 Be4 32. Rxe4 dxe4 33. Nd7 Qf3 {White
resigns} 0-1

[Event "Team 45 45 League T46"]
[Site "Internet Chess Club"]
[Date "2010.08.26"]
[Round "4"]
[White "AG2009"]
[Black "Deckfuel"]
[Result "1-0"]
[WhiteElo "2277"]
[BlackElo "1928"]
[Opening "Dutch"]
[ECO "A80"]
[Time "09:11:47"]
[TimeControl "2700+45"]

1. d4 f5 2. Nf3 Nf6 3. g3 g6 4. Bg2 Bg7 5. O-O d6 6. b3 O-O 7. Bb2 c6 8. Nbd2
Qe8 9. c4 Nbd7 10. Qc2 e5 11. dxe5 dxe5 12. e4 f4 13. c5 g5 14. Nxg5 Qh5 15. Ne6
Ng4 16. h3 fxg3 17. fxg3 Ne3 18. Qd3 Rxf1+ 19. Bxf1 Bh6 20. Re1 Qg6 21. Rxe3
Bxe3+ 22. Qxe3 Qxe6 23. Bc4 {Black resigns} 1-0

[Event "Team 45 45 League T46"]
[Site "Internet Chess Club"]
[Date "2010.08.26"]
[Round "4"]
[White "Boromir"]
[Black "Camalleo"]
[Result "1-0"]
[WhiteElo "1994"]
[BlackElo "1897"]
[Opening "QGD Slav: Tolush-Geller gambit"]
[ECO "D15"]
[Time "11:35:35"]
[TimeControl "2700+45"]

1. d4 d5 2. c4 c6 3. Nf3 Nf6 4. Nc3 dxc4 5. e4 b5 6. e5 Nd5 7. a4 Nb4 8. axb5
Bf5 9. Bxc4 Nc2+ 10. Ke2 Nxa1 11. Qa4 Bd7 12. e6 fxe6 13. Bf4 g5 14. Be5 Rg8 15.
Rxa1 g4 16. Ne1 cxb5 17. Bxb5 Bg7 18. Nd3 a6 19. Bxd7+ Nxd7 20. Ne4 Bf6 21. Nec5
Ra7 22. Nxe6 Qb6 23. Nec5 Kd8 24. Nxd7 Rxd7 25. Qc4 Rg5 26. Rxa6 Qb7 27. Rxf6
Rxe5+ 28. Nxe5 Qxb2+ 29. Ke3 exf6 30. Nxd7 Kxd7 31. Qf7+ Kc8 32. Qxf6 Qc1+ 33.
Ke4 Qc2+ 34. Kd5 Qa2+ 35. Kd6 Qa6+ 36. Ke7 Qb7+ 37. Ke6 Qc6+ 38. Ke5 Qxg2 39.
Qh8+ Kb7 40. Qxh7+ Kb6 41. Qb1+ Ka5 42. Qa2+ Kb4 43. Qd2+ Kc4 44. Qc1+ Kb3 45.
Qf4 Qb7 46. Kf5 Qd5+ 47. Kxg4 {Black resigns} 1-0

[Event "Team 45 45 League T46"]
[Site "Internet Chess Club"]
[Date "2010.09.01"]
[Round "4"]
[White "LucaTrapani"]
[Black "RayF"]
[Result "1/2-1/2"]
[WhiteElo "1950"]
[BlackElo "1814"]
[Opening "King's Indian: 4.e4"]
[ECO "E70"]
[Time "19:43:17"]
[TimeControl "2700+45"]

1. d4 Nf6 2. c4 g6 3. Nc3 Bg7 4. e4 d6 5. Bd3 Nc6 6. Nge2 e5 7. d5 Nd4 8. Nxd4
exd4 9. Ne2 O-O 10. O-O Re8 11. f3 Nd7 12. f4 Nc5 13. Bb1 Nxe4 14. Nxd4 Bg4 15.
Qd3 Nc5 16. Qd2 Qf6 17. Nf3 Na4 18. Rf2 Bxf3 19. gxf3 Qd4 20. Qc2 Nc5 21. a4
Re1+ 22. Kg2 Rxc1 23. Qxc1 Nb3 24. Qe1 Nxa1 25. Ba2 Qxf4 26. Qxa1 Be5 {Game
drawn by mutual agreement} 1/2-1/2

[Event "Team 45 45 League T46"]
[Site "Internet Chess Club"]
[Date "2010.08.30"]
[Round "4"]
[White "NFork"]
[Black "Campagnolo"]
[Result "1-0"]
[WhiteElo "2260"]
[BlackElo "2062"]
[Opening "Réti opening"]
[ECO "A05"]
[Time "05:30:17"]
[TimeControl "2700+45"]

1. Nf3 Nf6 2. g3 c5 3. Bg2 Nc6 4. d4 cxd4 5. Nxd4 Qb6 6. Nb3 g6 7. O-O Bg7 8.
Nc3 O-O 9. Bg5 h6 10. Bxf6 exf6 11. e4 d6 12. Qxd6 Be6 13. Nd5 Rad8 14. Qxf8+
Rxf8 15. Nxb6 axb6 16. c3 Ne5 17. f4 Nd3 18. f5 Bc4 19. Nd2 Bb5 20. Rfd1 Ne5 21.
Nf3 Be2 22. Nxe5 Bxd1 23. Nd7 {Black resigns} 1-0

[Event "Team 45 45 League T46"]
[Site "Internet Chess Club"]
[Date "2010.08.29"]
[Round "4"]
[White "Merciful"]
[Black "Dreamshell"]
[Result "1-0"]
[WhiteElo "2015"]
[BlackElo "1931"]
[Opening "Caro-Kann: exchange variation"]
[ECO "B13"]
[Time "15:09:44"]
[TimeControl "2700+45"]

1. e4 c6 2. d4 d5 3. exd5 cxd5 4. Bd3 Nf6 5. c3 g6 6. Nf3 Bg7 7. h3 O-O 8. Bf4
Nc6 9. Nbd2 Nh5 10. Bh2 Bh6 11. O-O Nf4 12. Bc2 Bf5 13. Bxf5 gxf5 14. Nb3 e6 15.
Nc5 Kh8 16. Nd3 Nxd3 17. Qxd3 f4 18. Kh1 Qd6 19. Rae1 f6 20. g3 e5 21. Qf5 e4
22. Nh4 Bg5 23. Qg4 Bxh4 24. gxh4 Rg8 25. Qxf4 Qxf4 26. Bxf4 h5 27. Rg1 Rxg1+
28. Kxg1 Kg7 29. f3 f5 30. Kf2 Kf7 31. Rg1 Nd8 32. Rg5 Ne6 33. Rxh5 Ng7 34. Rh6
Ne6 35. Be5 Rf8 36. Rh7+ Kg6 37. Rxb7 f4 38. Rxa7 Rf5 39. Re7 Nd8 40. Rd7 e3+
41. Kf1 Ne6 42. Rxd5 Rh5 43. Rd7 Rxh4 44. Re7 Ng5 45. a4 Nxf3 46. a5 Nd2+ 47.
Ke2 Kf5 48. Rf7+ Ke4 49. Rxf4+ Rxf4 50. Bxf4 Kxf4 51. a6 {Black resigns} 1-0

[Event "Team 45 45 League T46"]
[Site "Internet Chess Club"]
[Date "2010.08.29"]
[Round "4"]
[White "qs16"]
[Black "sammj"]
[Result "0-1"]
[WhiteElo "1593"]
[BlackElo "2162"]
[Opening "King's Indian: fianchetto without c4"]
[ECO "A49"]
[Time "09:00:13"]
[TimeControl "2700+45"]

1. d4 Nf6 2. Nf3 g6 3. g3 Bg7 4. Bg2 d5 5. O-O c6 6. Nbd2 O-O 7. b3 a5 8. Bb2
Bf5 9. Nh4 Bg4 10. h3 Be6 11. Nhf3 a4 12. a3 h6 13. b4 Nbd7 14. Rc1 Nb6 15. Ne5
Nfd7 16. c4 Nxe5 17. cxd5 Bxd5 18. dxe5 Bxg2 19. Kxg2 Qd5+ 20. e4 Qe6 21. f4
Rfd8 22. Qe2 Rd7 23. Nc4 Nxc4 24. Qxc4 Rd2+ 25. Rf2 Rxf2+ 26. Kxf2 Qxh3 27. Rc2
Qh2+ 28. Kf3 Qh1+ 29. Kf2 Rd8 30. f5 Qh2+ 31. Kf3 Qh5+ 32. Kf4 gxf5 33. exf5
Qg5+ 34. Kf3 Qxf5+ 35. Kg2 Qd3 36. Rc3 Qxc4 {White resigns} 0-1

[Event "Team 45 45 League T46"]
[Site "Internet Chess Club"]
[Date "2010.08.30"]
[Round "4"]
[White "upsan"]
[Black "oldsj"]
[Result "1-0"]
[WhiteElo "1912"]
[BlackElo "1636"]
[Opening "Scotch: Mieses variation"]
[ECO "C45"]
[Time "20:00:49"]
[TimeControl "2700+45"]

1. e4 e5 2. Nf3 Nc6 3. d4 exd4 4. Nxd4 Nf6 5. Nxc6 bxc6 6. e5 Nd5 7. c4 Nb6 8.
Bd3 Bc5 9. O-O Ba6 10. Qg4 Qe7 11. Qxg7 O-O-O 12. Bg5 Qf8 13. Qxf8 Rdxf8 14. Bf6
Rhg8 15. Nd2 Nd5 16. Rfd1 Nxf6 17. exf6 h6 18. Nf3 Bd6 19. h3 c5 20. b3 Bb7 21.
Kf1 Bxf3 22. gxf3 Be5 23. Rab1 d6 24. b4 cxb4 25. Rxb4 c5 26. Ra4 Bh2 27. Ke2
Re8+ 28. Be4 Rg1 29. Rxg1 Bxg1 30. Rxa7 Rxe4+ 31. fxe4 Bh2 {Black resigns} 1-0

[Event "Team 45 45 League T46"]
[Site "Internet Chess Club"]
[Date "2010.08.29"]
[Round "4"]
[White "frothyjowels"]
[Black "Paulkov"]
[Result "1/2-1/2"]
[WhiteElo "2418"]
[BlackElo "2288"]
[Opening "KP: Nimzovich defense"]
[ECO "B00"]
[Time "20:01:12"]
[TimeControl "2700+45"]

1. e4 Nc6 2. Nf3 d6 3. Nc3 Nf6 4. d4 Bg4 5. Bb5 a6 6. Bxc6+ bxc6 7. O-O e6 8. h3
Bh5 9. Bg5 Be7 10. Qd3 O-O 11. Qc4 Bxf3 12. gxf3 Qd7 13. Rad1 a5 14. f4 d5 15.
Qe2 h6 16. Bxf6 Bxf6 17. Rd3 Rfd8 18. b3 Be7 19. Rfd1 f5 20. exf5 exf5 21. Re1
Bd6 22. Re3 Kf8 23. Qh5 Qf7 24. Qf3 Re8 25. Rxe8+ Rxe8 26. Rxe8+ Qxe8 27. Kf1
Qe6 28. Qe3 Kf7 29. Kg2 Qg6+ 30. Kf1 Qe6 31. Qg3 g5 32. Ne2 Qe4 33. Qc3 gxf4 34.
Qxc6 Qh1+ 35. Ng1 Qe4 36. Qa4 f3 37. Qxa5 Bh2 38. Qc3 c5 39. Qxf3 Bxg1 40. Qxe4
dxe4 41. Kxg1 cxd4 42. Kf1 Ke6 43. Ke2 Kd5 44. Kd2 f4 45. c4+ Kc5 46. a3 f3 47.
h4 h5 48. a4 Kb4 49. a5 Kxa5 50. c5 Ka6 51. b4 Kb5 52. Ke1 e3 53. fxe3 dxe3 54.
Kf1 Kc4 55. c6 Kd3 56. c7 Kd2 57. c8=Q e2+ 58. Kf2 e1=Q+ 59. Kxf3 Qh1+ 60. Kg3
Qe1+ 61. Kf3 Qh1+ 62. Kg3 Qe1+ 63. Kf3 {Game drawn by repetition} 1/2-1/2

[Event "Team 45 45 League T46"]
[Site "Internet Chess Club"]
[Date "2010.08.30"]
[Round "4"]
[White "nb"]
[Black "eurander"]
[Result "1/2-1/2"]
[WhiteElo "2130"]
[BlackElo "2173"]
[Opening "QGD Slav: 4.e3 Bf5"]
[ECO "D12"]
[Time "08:06:07"]
[TimeControl "2700+45"]

1. d4 d5 2. c4 c6 3. Nf3 Nf6 4. e3 Bf5 5. Nc3 e6 6. Nh4 Bg6 7. Be2 Nbd7 8. O-O
Bd6 9. g3 O-O 10. Nxg6 hxg6 11. Qb3 Rb8 12. Rd1 Qe7 13. Qc2 dxc4 14. Bxc4 c5 15.
Nb5 a6 16. Nxd6 Qxd6 17. Bd2 Rbc8 18. Bf1 cxd4 19. Qb3 Qb6 20. Qxb6 Nxb6 21.
exd4 Nbd5 22. Rac1 Rfe8 23. Bg2 Kf8 24. Bf3 Ke7 25. a3 Kd6 26. Kf1 Rc7 27. Ke2
Rec8 28. Kd3 Rxc1 29. Rxc1 Rxc1 30. Bxc1 b5 31. Bd2 Nd7 32. h4 {Game drawn by
mutual agreement} 1/2-1/2

[Event "Team 45 45 League T46"]
[Site "Internet Chess Club"]
[Date "2010.08.30"]
[Round "4"]
[White "QueensCounselor"]
[Black "sandham"]
[Result "0-1"]
[WhiteElo "2165"]
[BlackElo "2134"]
[Opening "QGD: semi-Slav, Noteboom variation"]
[ECO "D11"]
[Time "08:03:15"]
[TimeControl "2700+45"]

1. d4 d5 2. c4 c6 3. Nf3 e6 4. Nc3 dxc4 5. a4 Bb4 6. Bd2 Nf6 7. e3 b5 8. axb5
Bxc3 9. Bxc3 cxb5 10. b3 Ne4 11. Ba5 Qd5 12. bxc4 bxc4 13. Qa4+ Bd7 14. Qxc4 Nc6
15. Qxd5 exd5 16. Bd3 O-O 17. O-O Rfb8 18. Rfc1 Rb2 19. Be1 a5 20. Bxe4 dxe4 21.
Nd2 a4 22. Nxe4 a3 23. Bc3 Rbb8 24. Nc5 Be8 25. e4 Nb4 26. d5 a2 27. g3 Ra5 28.
Bxb4 Rxb4 29. d6 Bc6 30. e5 h5 31. Nd3 Rb6 32. h4 Rd5 33. Nf4 Rd2 34. Nxh5 Rdb2
35. Rf1 Rb8 36. Nf4 Bf3 37. Nd3 Rd2 38. Nc5 Bd5 39. d7 Kf8 40. Rac1 Ke7 41. Ra1
Rdb2 42. Na6 R8b7 43. Nc5 R7b5 44. Na4 Rc2 45. Rad1 Kxd7 46. Rxd5+ Rxd5 47. Nb6+
Ke6 48. Nxd5 Kxd5 49. Ra1 Kxe5 50. Kg2 Kd4 {White resigns} 0-1

[Event "Team 45 45 League T46"]
[Site "Internet Chess Club"]
[Date "2010.08.28"]
[Round "4"]
[White "LT-Prad"]
[Black "SpikeyJ"]
[Result "1/2-1/2"]
[WhiteElo "2120"]
[BlackElo "1993"]
[Opening "English, 1...Nf6 (Anglo-Indian defense)"]
[ECO "A15"]
[Time "13:02:17"]
[TimeControl "2700+45"]

1. c4 Nf6 2. g3 g6 3. Bg2 d5 4. cxd5 Nxd5 5. Nc3 c6 6. Nf3 Nd7 7. e4 N5b6 8. O-O
Bg7 9. d4 O-O 10. Bg5 h6 11. Bf4 Nf6 12. Qc1 Kh7 13. Rd1 Be6 14. h3 Qc8 15. Kh2
Nh5 16. Be3 Nc4 17. d5 Nxe3 18. Qxe3 cxd5 19. exd5 Bd7 20. Rac1 Qd8 21. Ne4 Rc8
22. Qxa7 Bxb2 23. Rb1 Ra8 24. Qxb7 Rb8 25. Qa7 Bf5 26. Qe3 Nf6 27. Nh4 Bxe4 28.
Bxe4 Qd6 29. Bg2 Ba3 30. Nf3 Rxb1 31. Rxb1 Nxd5 32. Qe5 Nf6 33. Qxd6 Bxd6 34.
Nd4 Kg7 35. a4 Rb8 36. Rxb8 Bxb8 37. a5 Ba7 38. Nb5 Bxf2 39. a6 e5 40. a7 Bxa7
41. Nxa7 Nd7 42. Kg1 f5 43. Kf2 Kf6 44. Nb5 Nc5 45. Nc3 e4 46. Ke3 Ke5 47. Ne2
g5 48. h4 Ne6 49. hxg5 hxg5 50. Bh3 f4+ 51. Kf2 fxg3+ 52. Nxg3 Nf4 53. Bf5 Nh5
54. Bg4 Nxg3 55. Kxg3 Kd4 56. Be2 Ke3 57. Ba6 Kd2 58. Kg4 e3 59. Kf3 g4+ 60. Kg3
e2 61. Bxe2 Kxe2 62. Kxg4 {Game drawn because neither player has mating
material} 1/2-1/2

[Event "Team 45 45 League T46"]
[Site "Internet Chess Club"]
[Date "2010.08.26"]
[Round "4"]
[White "PandorasBox"]
[Black "Deckfuel"]
[Result "1-0"]
[WhiteElo "1980"]
[BlackElo "1914"]
[Opening "Dutch: Leningrad variation"]
[ECO "A86"]
[Time "15:01:39"]
[TimeControl "2700+45"]

1. d4 f5 2. c4 Nf6 3. g3 g6 4. Bg2 Bg7 5. Nh3 O-O 6. Nc3 d6 7. d5 c6 8. Nf4 cxd5
9. cxd5 Na6 10. O-O Bd7 11. Be3 Ng4 12. Bd4 Ne5 13. Ne6 Bxe6 14. dxe6 Nc6 15.
Bxg7 Kxg7 16. Qa4 Nc5 17. Qc4 Ne5 18. Qd5 Qb6 19. Rab1 a5 20. Kh1 f4 21. a3 Qb3
22. gxf4 Rxf4 23. Qxb3 Nxb3 24. Nd5 Rh4 25. Rbd1 Kf8 26. f4 Ng4 27. h3 Rc8 28.
f5 g5 29. Kg1 Nf6 30. Nxf6 exf6 31. Rxd6 Rc2 32. Rd8+ Kg7 33. e7 Rxe2 34. e8=Q
Rxe8 35. Rxe8 {Black resigns} 1-0